 Dungeon Crawl Stone Soup version 0.29-a0-322-g68df515428 (webtiles) character file.

Game seed: 18381258227826340461

665 Ajdolov the Slasher (level 7, -1/58 HPs)
             Began as a Barachi Brigand on Apr 8, 2022.
             Slain by Duvessa
             ... wielding a +0 rapier
              (6 damage)
             ... on level 5 of the Dungeon.
             The game lasted 00:08:21 (5673 turns).

Ajdolov the Slasher (Barachi Brigand)               Turns: 5673, Time: 00:08:22

Health: -1/58      AC: 10    Str: 12    XL:     7   Next: 57%
Magic:  7/7        EV:  5    Int: 11    God:
Gold:   183        SH:  0    Dex: 16    Spells: 6/6 levels left

rFire   . . .      SeeInvis .   a - +2 dagger
rCold   . . .      Faith    .   (no shield)
rNeg    . . .      Spirit   .   m - +0 chain mail
rPois   .          Reflect  .   g - +0 helmet
rElec   .          Harm     .   c - +0 cloak
rCorr   .          Rampage  .   (no gloves)
Will    .....                   (no boots)
Stlth   ..........              (no amulet)
HPRegen 0.19/turn               (no ring)
MPRegen 0.10/turn               (no ring)

@: slow
A: amphibious, slowness 1, strong legs 1, +LOS
a: Hop


You were on level 5 of the Dungeon.
You visited 1 branch of the dungeon, and saw 5 of its levels.

You collected 233 gold pieces.
You spent 50 gold pieces at shops.

Inventory:

Hand Weapons
 a - a +2 dagger (weapon)
 b - a +0 hunting sling
 k - a +0 long sword
Missiles
 d - 7 poisoned darts (quivered)
Armour
 c - a +0 cloak (worn)
 g - a +0 helmet (worn)
 m - a +0 chain mail (worn)
Jewellery
 p - a ring of wizardry
 x - a ring of ice
Wands
 q - a wand of polymorph (8)
 v - a wand of iceblast (3)
Scrolls
 h - 3 scrolls of teleportation {unknown}
 j - 5 scrolls of identify
 l - a scroll of torment {unknown}
 n - a scroll of vulnerability {unknown}
 s - 3 scrolls of fear {unknown}
 t - a scroll of immolation {unknown}
 u - 2 scrolls of enchant armour {unknown}
Potions
 f - 2 potions of lignification {unknown}
 o - a potion of flight {unknown}
 r - 2 potions of brilliance {unknown}
 w - a potion of attraction {unknown}
 z - a potion of haste {unknown}
 A - a potion of ambrosia {unknown}


   Skills:
 + Level 6.0 Fighting
 - Level 2.1(5.0) Short Blades
 * Level 7.7(7.9) Long Blades
 - Level 2.0 Throwing
 - Level 1.1 Dodging
 - Level 3.6 Stealth


You had 6 spell levels left.
You didn't know any spells.
Your spell library contained the following spells:

 Spells                   Type           Power      Damage    Failure   Level
 Ignite Poison            Fire/Tmut/Pois 0%         N/A       100%        3
 Inner Flame              Hex/Fire       0%         N/A       100%        3
 Mephitic Cloud           Conj/Pois/Air  0%         N/A       100%        3
 Portal Projectile        Hex/Tloc       0%         N/A       100%        3
 Cause Fear               Hex            0%         N/A       100%        4
 Blade Hands              Tmut           0%         N/A       100%        5
 Excruciating Wounds      Necr           0%         N/A       100%        5
 Freezing Cloud           Conj/Ice/Air   0%         6-21      100%        5
 Discord                  Hex            0%         N/A       100%        8


Dungeon Overview and Level Annotations

Branches:
Dungeon (5/15)
 Temple: D:4-7

Altars:
Elyvilon
Ru

Shops:
D:1 [*=

Annotations:
D:5 2 runed translucent doors, Dowan; Duvessa; robertstho's ghost, novice DEEE


Innate Abilities, Weirdness & Mutations

You are amphibious.
You cover ground slowly.
You can hop short distances.
You have an extended range of vision and can be seen from far away.


Message History

The poisoned dart closely misses Duvessa.
Duvessa hits you but does no damage.
Throw: 8 darts (poison)
Press: ? - help, Q - select action, (/) - cycle Shift-Dir - straight line, f/p - Duvessa
Aim: Duvessa, wielding a +0 rapier and wearing a +0 ring mail (almost dead, 71% to hit)
You throw a poisoned dart. The poisoned dart hits Duvessa.
Duvessa is poisoned.
Duvessa is almost dead.
Duvessa hits you but does no damage. Something hits you but does no damage.
You hit Duvessa but do no damage.
Duvessa is almost dead.
You hear some strange, mumbled words.
A puff of flame appears from out of thin air!
The puff of flame hits you but does no damage.
Duvessa barely misses you.
Unknown command.
You feel better. Something hits you but does no damage.
Duvessa hits you but does no damage.
You feel better. Something hits you. Duvessa hits you but does no damage.
You hit Duvessa.
Duvessa is almost dead.
Dowan appears from thin air!
Reactivating autopickup.
Dowan gestures at you while chanting. The puff of frost hits you!
* * * LOW HITPOINT WARNING * * *
Duvessa gestures with her weapon.
Duvessa hits you but does no damage.
You hit Duvessa but do no damage.
Duvessa is almost dead.
Dowan hits you with a +2 dagger of protection.
* * * LOW HITPOINT WARNING * * *
Unknown command.
Okay, then.
Duvessa attacks as you move away! Duvessa hits you with a +0 rapier.
* * * LOW HITPOINT WARNING * * *
Dowan attacks as you move away! Dowan barely misses you.
Dowan says, "My weaknesses are her strengths!"
Duvessa hits you with a +0 rapier.
You die...

#........[......
#...............
#(########...... ##..##..##
..... #........#......#
#####..(....#......# #
##..##.......#......# ##
#...######ee##......# .#
#...##..##@.##......#
########..##..#...........#
##....##..##..#...........#
##............#...........#
#.............#...........#
##..####.###.###..##......#
##).#################'##..#
##...'............##..##..#
'....#.................#..#


You could see Duvessa (poisoned) and Dowan.

Vanquished Creatures
  Eustachio (D:4)
  An ice beast (D:4)
  An ogre (D:4)
  A phantom (D:3)
  A scorpion (D:5)
  2 hounds (D:4)
  An orc priest (D:2)
  2 iguanas
  An adder (D:4)
  A dart slug (D:1)
  5 orcs
  9 endoplasms
  3 giant cockroaches
  5 goblins
  10 hobgoblins
  3 jackals (D:1)
  8 kobolds
  2 quokkas
  3 ball pythons
  3 bats
  2 frilled lizards (D:2)
  7 rats
72 creatures vanquished.

Notes
Turn   | Place    | Note
-------+----------+-------------------------------------------
     0 | D:1      | Ajdolov the Barachi Brigand began the quest for the Orb.
     0 | D:1      | Reached XP level 1. HP: 17/17 MP: 1/1
    27 | D:1      | Reached skill level 1 in Long Blades
    42 | D:1      | Reached XP level 2. HP: 2/23 MP: 2/2
   542 | D:1      | Found Qoebliosch's Jewellery Emporium.
   601 | D:1      | Found a faded altar of an unknown god.
   678 | D:1      | Reached skill level 2 in Long Blades
   944 | D:1      | Found Wipt's General Store.
   953 | D:1      | Bought a potion of curing for 30 gold pieces
   953 | D:1      | Bought a scroll of identify for 20 gold pieces
   975 | D:1      | Reached XP level 3. HP: 29/29 MP: 3/3
  1005 | D:1      | Found Qafuumid's Antique Armour Shop.
  1661 | D:2      | Reached skill level 3 in Long Blades
  1944 | D:2      | Identified the +0 ring mail "Gumohol" {rN++ Int+3}
  2351 | D:2      | Reached XP level 4. HP: 7/37 MP: 4/4
  2676 | D:3      | Noticed a water moccasin
  2677 | D:3      | a water moccasin changed into a ball python
  2758 | D:3      | Noticed a phantom
  2891 | D:3      | Killed a phantom
  2892 | D:3      | Reached skill level 4 in Long Blades
  2892 | D:3      | Reached XP level 5. HP: 39/42 MP: 5/5
  3542 | D:4      | Reached skill level 5 in Long Blades
  3555 | D:4      | Noticed an ogre
  3572 | D:4      | Killed an ogre
  3573 | D:4      | Reached XP level 6. HP: 8/50 MP: 6/6
  3865 | D:4      | Found a sacrificial altar of Ru.
  3892 | D:4      | Noticed Eustachio
  3912 | D:4      | Killed Eustachio
  3913 | D:4      | Reached skill level 5 in Fighting
  3913 | D:4      | Reached skill level 6 in Long Blades
  4158 | D:4      | Reached XP level 7. HP: 47/56 MP: 7/7
  4365 | D:4      | Reached skill level 7 in Long Blades
  4754 | D:4      | Found a white marble altar of Elyvilon.
  5222 | D:5      | Entered Level 5 of the Dungeon
  5224 | D:5      | Found a large runed translucent door.
  5224 | D:5      | Found a large runed translucent door.
  5229 | D:5      | Noticed robertstho's ghost (novice DEEE)
  5630 | D:5      | Noticed Dowan
  5631 | D:5      | Noticed Duvessa
  5673 | D:5      | Slain by Duvessa

Illustrated notes

Levels and vault maps discovered:
D:1:      minmay_arrival_arboretum_small, layout_loops_corners, serial_shops,
          nicolae_shop_crystal, shop, nicolae_lakefront_shop,
          shapermc_ecumenical_altar_gd
D:2:      layout_rooms, serial_glass, glass_columns_b, glass_columns_c,
          glass_columns_a, glass_columns_b
D:3:      layout_basic
D:4:      cheibrodos_helix_gallery, layout_loops_cross, elyvilon_altar_1,
          lemuel_tele_altar, hangedman_decor_slide_cut, uniq_eustachio
D:5:      layout_gridville, ebering_ghost_disaster_area, uniq_duvessa

Skill      XL: |  1  2  3  4  5  6  7 |
---------------+----------------------+-----
Long Blades    | 1 2 3 4 5 6 7 |  7.7
Fighting       | 3 4 5 6 |  6.0
Short Blades   | |  2.1
Throwing       | |  2.0
Dodging        | |  1.1
Stealth        | |  3.6

Action                   |  1- 3 |  4- 6 |  7- 9 || total
-------------------------+-------+-------+-------++-------
Melee: Dagger            |   180 |   123 |   128 ||   431
       Punch             |     2 |     2 |     1 ||     5
 Fire: Hunting sling     |       |     4 |       ||     4
Throw: Dart              |       |     4 |     9 ||    13
Evoke: Wand              |       |     1 |       ||     1
  Use: Potion            |       |       |     2 ||     2
 Stab: Sleeping          |     4 |       |       ||     4
Armor: Robe              |    22 |       |       ||    22
       Chain mail        |    40 |    76 |    61 ||   177
Dodge: Dodged            |    87 |    32 |    22 ||   141

Table legend: (Time is in decaauts)
 A = Elapsed time spent in this place.
 B = Non-inter-level travel time spent in this place.
 C = Inter-level travel time spent in this place.
 D = Time resting spent in this place.
 E = Time spent auto-exploring this place.
 F = Levels seen in this place.
 G = Mean time per level.
                   A        B        C        D        E       F      G
               +--------+--------+--------+--------+--------+-----+--------+
         Total |   6165 |   6023 |    142 |   1765 |   3293 |   5 | 1233.0 |
       Dungeon |   6165 |   6023 |    142 |   1765 |   3293 |   5 | 1233.0 |
               +--------+--------+--------+--------+--------+-----+--------+

Top non-repeatable levels by time:
     D:4: 1813 daAuts
     D:1: 1526 daAuts
     D:2: 1230 daAuts
     D:3: 1112 daAuts
     D:5: 481 daAuts
